 Dungeon Crawl Stone Soup version 0.29.0-4-gdea44cf6ec (webtiles) character file.

Game seed: 17068790511578044771

552 qw the Chopper (level 7, 0/54 HPs)
             Began as a Demonspawn Cinder Acolyte on Sept 10, 2022.
             Was a Priest of Ignis.
             Slain by a river rat (4 damage)
             ... summoned by Eustachio
             ... on level 4 of the Dungeon.
             The game lasted 00:01:23 (4500 turns).

qw the Chopper (Demonspawn Cinder Acolyte)          Turns: 4500, Time: 00:01:24

Health: 0/54       AC:  7    Str: 17    XL:     7   Next: 8%
Magic:  8/8        EV: 18    Int: 15    God:    Ignis [***...]
Gold:   216        SH:  0    Dex: 13    Spells: 8/8 levels left

rFire   + . .      SeeInvis .   (weapon currently unavailable)
rCold   . . .      Faith    .   (shield currently unavailable)
rNeg    . . .      Spirit   .   (body armour currently unavailable)
rPois   .          Reflect  .   (helmet currently unavailable)
rElec   .          Harm     .   (cloak currently unavailable)
rCorr   .          Rampage  .   (gloves currently unavailable)
Will    .....                   (boots currently unavailable)
Stlth   +.........              k - amulet of the acrobat
HPRegen 0.18/turn               (ring currently unavailable)
MPRegen 0.22/turn               (ring currently unavailable)

@: bat-form (expiring), fiery-armoured, flying, very quick
A: fast, flying, no casting, tiny, powered by pain 1, magic regeneration,
(demonic touch 2)
a: Renounce Religion, Fiery Armour, Foxfire Swarm, Rising Flame


You were on level 4 of the Dungeon.
You worshipped Ignis.
Ignis was most pleased with you.
You were a bat.
You visited 1 branch of the dungeon, and saw 4 of its levels.

You collected 216 gold pieces.


Innate Abilities, Weirdness & Mutations

You are a bat.
You are tiny and dextrous.
You move quickly.
You are flying.
Your equipment is almost entirely melded.
You are incapable of wielding weapons or throwing items.
You cannot cast spells.
You sometimes gain a little power by taking damage.
You regenerate magic rapidly.
((Your touch may inflict irresistible damage on your foes.))


   Skills:
 - Level 4.2 Fighting
 + Level 6.2 Axes
 - Level 2.3 Armour
 - Level 1.0 Dodging
 - Level 1.0 Spellcasting
 - Level 2.6 Fire Magic


You had 8 spell levels left.
You didn't know any spells.
Your spell library contained the following spells:

 Spells                   Type           Power      Damage    Failure   Level
 Scorch                   Fire           16%        2d5       12%         2

Inventory:

Hand Weapons
 c - a +0 flail
 i - a +0 vampiric hand axe (melded)
Missiles
 g - 3 boomerangs (quivered)
Armour
 a - a +1 helmet (melded)
 d - a +0 scale mail (melded)
 n - a +0 pair of boots (melded)
Jewellery
 h - a ring of resist corrosion (melded)
 k - an amulet of the acrobat (around neck)
Scrolls
 b - a scroll of identify
 e - a scroll of blinking {unknown}
 j - a scroll of brand weapon
Potions
 f - a potion of lignification {unknown}
 l - a potion of might {unknown}
 m - a potion of haste
 q - a potion of heal wounds {unknown}
 r - 3 potions of curing

Dungeon Overview and Level Annotations

Branches:
Dungeon (4/15)
 Temple: D:4-7

Altars:

Shops:
D:2 =

Annotations:
D:4 Eustachio


Message History

The crimson imp barely misses you.
The crimson imp sputters.
The quokka completely misses you. The river rat misses you.
Eustachio casts a spell.
Eustachio blinks!
The river rat barely misses you.
You hit the quokka.
You kill the quokka!
The quokka's corpse disappears in a puff of smoke!
The bat closely misses you.
The crimson imp blinks!
The river rat barely misses you. The iron imp closely misses you.
The river rat closely misses you.
You hit the river rat but do no damage.
The river rat is moderately wounded.
The bat barely misses you.
The crimson imp shouts, "Get thee gone, thou rank hasty-witted scavenger!"
The river rat barely misses you.
The iron imp picks up a beetle and eats it.
The iron imp barely misses you.
The river rat bites you but does no damage.
The river rat is burned by your cloak of flames.
The river rat is heavily wounded.
You hit the river rat but do no damage.
The river rat is heavily wounded.
The bat barely misses you. The river rat closely misses you.
Eustachio casts a spell.
Eustachio blinks!
You hit the river rat but do no damage.
The river rat is heavily wounded.
The crimson imp disappears in a puff of smoke!
The bat closely misses you. The river rat closely misses you.
The iron imp misses you.
The crimson imp blinks!
The river rat barely misses you.
You barely miss the river rat.
The river rat is heavily wounded.
The bat misses you. The river rat completely misses you.
The iron imp completely misses you.
You barely miss the river rat.
The river rat is heavily wounded.
The bat closely misses you. The river rat misses you. The river rat bites you.
You die...

##.............#
##.
#...........####
#. #........####
#. ##....#.## ##
#####.## # #.# #
##.# ###
#..##..¤##
#..br@...#
#.r.5.¤..#
#.#.b...5.#
#.##.......# #
#. #....$..# ##
#. ##......# ##.
.. #.....# #..
##.... #.. ###


You could see Eustachio, an iron imp (summoned), a crimson imp (summoned), 2
river rats and a bat (summoned).

Vanquished Creatures
  Sigmund (D:2)
  An ice beast (D:4)
  A black bear (D:4)
  Jessica (D:3)
  Terence (D:3)
  An iguana (D:4)
  4 gnolls (D:4)
  4 adders
  2 dart slugs
  4 orcs
  5 ball pythons
  6 endoplasms
  4 giant cockroaches
  3 hobgoblins
  8 kobolds
  5 quokkas
  4 bats
  3 frilled lizards
  4 goblins
  6 rats
68 creatures vanquished.

Notes
Turn   | Place    | Note
-------+----------+-------------------------------------------
     0 | D:1      | qw the Demonspawn Cinder Acolyte began the quest for the
                  | Orb.
     0 | D:1      | Reached XP level 1. HP: 18/18 MP: 2/2
     0 | D:1      | 0 ||| qw: Version: 0.1-a-113-g051387a
     0 | D:1      | 0 ||| qw: Game counter: 7405
     0 | D:1      | 0 ||| qw: Always use a shield: true
     0 | D:1      | 0 ||| qw: God list: Okawaru
     0 | D:1      | 0 ||| qw: Allow faded altars: false
     0 | D:1      | 0 ||| qw: Do Orc after D:15 true
     0 | D:1      | 0 ||| qw: Do second Lair branch before Depths: true
     0 | D:1      | 0 ||| qw: Lair rune preference: random
     0 | D:1      | 0 ||| qw: Plans: Normal
     0 | D:1      | 0 ||| PLANNING D:1-11
   104 | D:1      | 104 ||| INVOKING Fiery Armour.
   329 | D:1      | Found a faded altar of an unknown god.
   339 | D:1      | Reached skill level 3 in Axes
   411 | D:1      | 411 ||| Stepping ~*~*~tactically~*~*~ (stealth).
   413 | D:1      | 413 ||| Stepping ~*~*~tactically~*~*~ (stealth).
   417 | D:1      | 417 ||| INVOKING Fiery Armour.
   420 | D:1      | Gained mutation: You regenerate magic rapidly. [demonic
                  | ancestry]
   420 | D:1      | Reached XP level 2. HP: 17/24 MP: 3/3
   427 | D:1      | 427 ||| Stepping ~*~*~tactically~*~*~ (stealth).
   494 | D:1      | 494 ||| Stepping ~*~*~tactically~*~*~ (stealth).
   706 | D:1      | 706 ||| Stepping ~*~*~tactically~*~*~ (stealth).
   707 | D:1      | 707 ||| Stepping ~*~*~tactically~*~*~ (stealth).
  1091 | D:1      | 1091 ||| Stepping ~*~*~tactically~*~*~ (stealth).
  1454 | D:1      | 1454 ||| DROPPING orb of wrath.
  1455 | D:1      | 1455 ||| UPGRADING to +0 leather armour.
  1465 | D:1      | 1465 ||| DROPPING +0 robe.
  1466 | D:1      | 1466 ||| UPGRADING to +0 ring mail.
  1476 | D:1      | 1476 ||| DROPPING +0 leather armour.
  1477 | D:1      | 1477 ||| UPGRADING to ring of resist corrosion.
  1478 | D:1      | 1478 ||| READING scroll labelled ELEYMN VISUSE.
  1479 | D:1      | 1479 ||| READING scroll labelled CAIRYV ROSTRI.
  1480 | D:1      | 1480 ||| READING scroll labelled JINANW PACINGIOMUCS.
  1534 | D:1      | 1534 ||| READING scroll labelled EMUESM XIKKU.
  1535 | D:1      | 1535 ||| READING scroll labelled OROER BEICZO.
  1536 | D:1      | 1536 ||| READING 2 scrolls labelled WUAXZY DOLEKK.
  1537 | D:1      | 1537 ||| READING scroll labelled KIPTIO YTOIST.
  1538 | D:1      | 1538 ||| READING scroll labelled KAHUHA MOOLITT.
  1539 | D:1      | 1539 ||| READING scroll labelled SYMECW ORAPAUL.
  1668 | D:1      | 1668 ||| DROPPING scroll of noise.
  1709 | D:2      | 1709 ||| STAIRDANCE
  1772 | D:2      | Noticed Sigmund
  1784 | D:2      | 1784 ||| INVOKING Fiery Armour.
  1791 | D:2      | Killed Sigmund
  1792 | D:2      | Reached skill level 5 in Axes
  1792 | D:2      | Gained mutation: Your touch may inflict minor irresistible
                  | damage on your foes. [demonic ancestry]
  1792 | D:2      | Reached XP level 3. HP: 9/29 MP: 4/4
  1792 | D:2      | Reached XP level 4. HP: 11/35 MP: 5/5
  1792 | D:2      | Gained mutation: Your touch may inflict irresistible damage
                  | on your foes. [demonic ancestry]
  1792 | D:2      | Reached XP level 5. HP: 13/41 MP: 6/6
  1900 | D:2      | 1900 ||| FLEEEEING.
  1901 | D:2      | 1901 ||| FLEEEEING.
  1902 | D:2      | 1902 ||| FLEEEEING.
  1908 | D:2      | 1908 ||| STAIRDANCE
  2236 | D:2      | 2236 ||| Stepping ~*~*~tactically~*~*~ (stealth).
  2721 | D:2      | Reached skill level 1 in Dodging
  2728 | D:2      | Found Ytoal's Jewellery Shoppe.
  2735 | D:2      | 2735 ||| SHOPLISTING +4 ring of evasion (432 gold, have
                  | 107).
  2735 | D:2      | 2735 ||| SHOPLISTING amulet of reflection (360 gold, have
                  | 107).
  2735 | D:2      | 2735 ||| SHOPLISTING amulet of the acrobat (360 gold, have
                  | 107).
  2735 | D:2      | 2735 ||| SHOPLISTING ring of fire (300 gold, have 107).
  2735 | D:2      | 2735 ||| SHOPLISTING ring of see invisible (180 gold, have
                  | 107).
  2852 | D:2      | 2852 ||| Stepping ~*~*~tactically~*~*~ (stealth).
  2897 | D:2      | 2897 ||| READING scroll labelled OSSOYPROAM.
  2898 | D:2      | 2898 ||| READING scroll labelled LAPRAK XOAPH.
  2902 | D:2      | 2902 ||| DRINKING 2 bubbling blue potions.
  3007 | D:2      | 3007 ||| DRINKING 2 viscous orange potions.
  3008 | D:2      | 3008 ||| DRINKING 2 ruby potions.
  3009 | D:2      | 3009 ||| DROPPING potion of berserk rage.
  3010 | D:2      | 3010 ||| DROPPING potion of flight.
  3026 | D:3      | Noticed Jessica
  3030 | D:3      | Killed Jessica
  3128 | D:3      | Noticed Terence
  3141 | D:3      | Killed Terence
  3142 | D:3      | Reached skill level 6 in Axes
  3142 | D:3      | Reached XP level 6. HP: 39/47 MP: 7/7
  3202 | D:3      | 3202 ||| DROPPING +0 club.
  3224 | D:3      | 3224 ||| READING scroll of enchant weapon.
  3224 | D:3      | 3224 ||| ENCHANTING -1 vampiric hand axe.
  3255 | D:3      | Identified the +9 dagger of Hubris {elec, Dex+7}
  3772 | D:3      | 3772 ||| UPGRADING to +0 helmet.
  3777 | D:3      | 3777 ||| UPGRADING to +0 scale mail.
  3787 | D:3      | 3787 ||| DROPPING +0 ring mail.
  3788 | D:3      | 3788 ||| UPGRADING to +0 pair of boots.
  3793 | D:3      | 3793 ||| READING scroll of enchant armour.
  3793 | D:3      | 3793 ||| ENCHANTING +0 helmet.
  3794 | D:3      | 3794 ||| UPGRADING to amulet of the acrobat.
  3799 | D:3      | 3799 ||| READING scroll labelled ZUTUILI PASU.
  3800 | D:3      | 3800 ||| DRINKING 2 metallic yellow potions.
  3801 | D:3      | 3801 ||| READING 2 scrolls of identify.
  3801 | D:3      | 3801 ||| IDENTIFYING bubbling puce potion
  3802 | D:3      | 3802 ||| DROPPING potion of ambrosia.
  3858 | D:4      | Noticed an ice beast
  3862 | D:4      | 3862 ||| Stepping ~*~*~tactically~*~*~ (stealth).
  3867 | D:4      | Killed an ice beast
  3909 | D:4      | 3909 ||| INVOKING Fiery Armour.
  3910 | D:4      | 3910 ||| Stepping ~*~*~tactically~*~*~ (stealth).
  4098 | D:4      | Gained mutation: You sometimes gain a little power by
                  | taking damage. [demonic ancestry]
  4098 | D:4      | Reached XP level 7. HP: 47/54 MP: 8/8
  4235 | D:4      | 4235 ||| Stepping ~*~*~tactically~*~*~ (stealth).
  4410 | D:4      | 4410 ||| Stepping ~*~*~tactically~*~*~ (stealth).
  4451 | D:4      | Noticed Eustachio
  4465 | D:4      | 4465 ||| INVOKING Fiery Armour.
  4483 | D:4      | HP: 11/54 [Eustachio/+4 rapier of venom (8)]
  4488 | D:4      | HP: 5/54 [poisoned by Eustachio]
  4492 | D:4      | HP: 2/54 [poisoned by Eustachio]
  4500 | D:4      | Slain by a river rat

Levels and vault maps discovered:
D:1:      dpeg_arrival_tiny_j, layout_basic,
          shapermc_ecumenical_altar_starsandcircs, serial_curves,
          eino_curves_01, eino_curves_04, eino_curves_04, minmay_vboxes
D:2:      layout_loops_corners, serial_shops, shop, minivault_25,
          minmay_misc_feat_doors, item_on_display_a, uniq_sigmund
D:3:      minmay_evil_eye, layout_rooms, serial_aquarium,
          aquarium_bridge_long_joined [aquarium_subvault_bridge,
          aquarium_subvault_bridge, aquarium_subvault_wall,
          aquarium_subvault_wall, aquarium_subvault_wall,
          aquarium_subvault_balcony], aquarium_bridge_square
          [aquarium_subvault_window, aquarium_subvault_bridge,
          aquarium_subvault_wall, aquarium_subvault_bridge], aquarium_window_1,
          aquarium_window_fake, aquarium_window_fake, aquarium_window_corner,
          aquarium_view_2c, aquarium_view_2e, uniq_terence, uniq_jessica
D:4:      layout_cave_pods, bh_walls_and_bars, uniq_eustachio

Skill      XL: |  1  2  3  4  5  6 |
---------------+-------------------+-----
Axes           | 3 5 6 |  6.2
Dodging        | 1 |  1.0
Armour         | 2 |  2.3
Fighting       | 4 |  4.2
Spellcasting   | |  1.0
Fire Magic     | |  2.6

Action                   |  1- 3 |  4- 6 |  7- 9 || total
-------------------------+-------+-------+-------++-------
Melee: Hand axe          |    67 |   102 |    22 ||   191
       Touch             |       |    17 |     6 ||    23
       Punch             |       |     1 |       ||     1
       Unarmed           |       |       |    35 ||    35
Throw: Boomerang         |       |    29 |     3 ||    32
Invok: Fiery Armour      |     3 |     1 |     1 ||     5
  Use: Scroll            |     9 |     6 |       ||    15
       Potion            |       |     4 |       ||     4
Armor: Robe              |     9 |       |       ||     9
       Ring mail         |     5 |    37 |       ||    42
       Scale mail        |       |     7 |     5 ||    12
       Skin              |       |       |     9 ||     9
Dodge: Dodged            |    31 |    51 |    85 ||   167

Table legend:
 A = Non-vault XP
 B = Vault XP
 C = Vault XP percentage of total XP
 D = Non-vault monster count
 E = Vault monster count
 F = Vault count percentage of total count
                 A         B        C        D         E       F
            +---------+---------+-------+---------+---------+-------
      Total |     480 |     309 |  39.2 |      57 |      11 |  16.2
            +---------+---------+-------+---------+---------+-------
        D:1 |      27 |      10 |  27.0 |      16 |       6 |  27.3
        D:2 |      49 |     210 |  81.1 |      17 |       1 |   5.6
        D:3 |      23 |      89 |  79.5 |       7 |       4 |  36.4
        D:4 |     381 |       0 |   0.0 |      17 |       0 |   0.0
            +---------+---------+-------+---------+---------+-------
